 Dungeon Sprint DCSS version 0.26.1-2-gb8aa6d0cf2 (webtiles) character file.

Game seed: 10484789419737852759

636 Groucho the Unseen (level 7, -3/41 HPs)
             Began as a Tengu Berserker on Mar 17, 2021.
             Was a Believer of Trog.
             Shot with an arrow by a centaur warrior (19 damage)
             ... in the Dungeon (Sprint I: "Red Sonja").
             The game lasted 00:01:55 (1700 turns).

Groucho the Unseen (Tengu Berserker)                Turns: 1700, Time: 00:01:56

Health: -3/41      AC:  2    Str: 18    XL:     7   Next: 50%
Magic:  8/8        EV: 15    Int:  7    God:    Trog [**....]
Gold:   409        SH:  0    Dex: 15    Spells: 6/6 levels left

rFire    . . .     SeeInvis .   a - +0 short sword
rCold    . . .     Faith    .   (no shield)
rNeg     . . .     Spirit   .   b - +0 animal skin
rPois    .         Reflect  .   (helmet restricted)
rElec    .         Harm     .   (no cloak)
rCorr    .         Rampage  .   (no gloves)
Will     ++...     NoTele   +   (boots unavailable)
Stlth    ++++++....             (no amulet)
HPRegen  1.13/turn              (no ring)
MPRegen  0.11/turn              (no ring)

@: flying quickly and evasively, regenerating, quick
A: beak, talons 3, able to fly
a: Stop Flying, Renounce Religion, Berserk, Trog's Hand


You were in the Dungeon.
You worshipped Trog.
Trog was pleased with you.
You visited 1 branch You collected 409 gold pieces.

Inventory:

Hand Weapons
 a - a +0 short sword (weapon)
Armour
 b - a +0 animal skin (worn)
Wands
 i - a wand of polymorph (4)
Scrolls
 h - a scroll of blinking
Potions
 c - 2 potions of curing
 d - a potion of heal wounds
 e - a potion of haste
 f - 2 potions of magic
 g - a potion of berserk rage
 j - a potion of experience {unknown}


   Skills:
 - Level 3.0 Fighting
 - Level 3.2 Short Blades
 - Level 2.1 Armour
 - Level 2.1 Dodging
 * Level 16.0 Stealth


You had 6 spell levels left.
You didn't know any spells.
Your spell library was empty.

Dungeon Overview and Level Annotations

Branches:
Dungeon (1/1)

Altars:
Cheibriados
Dithmenos
Elyvilon
Fedhas
Gozag
Hepliaklqana
Kikubaaqudgha
Makhleb
Nemelex Xobeh
Okawaru
Qazlal
Ru
Sif Muna
Trog
Uskayaw
Vehumet
Wu Jian
Xom
Yredelemnul
Zin
The Shining One
Jiyva
Lugonu

Shops:
D :


Innate Abilities, Weirdness & Mutations

You have a beak for a mouth.
You have claws for feet.
You can fly continuously.


Message History

You reach down and open the door. 2 centaur warriors come into view.
The centaur warrior moves out of view. x2
There is an open door here.
Found 6 gold pieces and 15 bolts.
The centaur warrior hits you.
The centaur warrior wields a +0 longbow.
The centaur warrior shoots an arrow.
The arrow hits you!!
Ouch! That really hurt!
You hear a splash.
You see here an arrow.
There is an open door here.
The centaur warrior shoots an arrow.
The arrow barely misses you.
You hear a shout!
You see here an arrow.
There is an open door here.
Your skin crawls.
You feel strong-willed.
The centaur warrior shoots an arrow.
The arrow hits you!!
You die...

######################
#<.#..'..#.)'..#__#..+
#.)'..#..'..#..'..'..#
#..#####+#####@#__####
#..####..#...#§####§§#
#).#__####..##c#≈§§§.#
#..#_____##+#_.§§§≈.§+
#⌠⌠#_.∩...'..._#c§≈§§#
####_..__##_.#'##+####
#_____###+#[# #######
###


You could see a centaur warrior.

Vanquished Creatures
  A slime creature (D)
  Sigmund (D)
  A yak (D)
  An ogre (D)
  A jelly (D)
  Ijyb (D)
6 creatures vanquished.

Vanquished Creatures (others)
  the Lernaean hydra (D)
  3 hornets (D)
4 creatures vanquished.

Grand Total: 10 creatures vanquished

Notes
Turn   | Place    | Note
-------+----------+-------------------------------------------
     0 | D        | Groucho the Tengu Berserker began the quest for the Orb.
     0 | D        | Reached XP level 1. HP: 14/14 MP: 2/2
     2 | D        | Noticed Ijyb
    15 | D        | Killed Ijyb
    16 | D        | Reached skill level 6 in Stealth
    16 | D        | Reached XP level 2. HP: 14/19 MP: 3/3
    16 | D        | Reached XP level 3. HP: 17/23 MP: 4/4
   435 | D        | Noticed an ogre
   447 | D        | Killed an ogre
   448 | D        | Reached skill level 9 in Stealth
   448 | D        | Reached XP level 4. HP: 10/28 MP: 5/5
   976 | D        | Noticed Sigmund
   978 | D        | Killed Sigmund
   978 | D        | Reached ** piety under Trog
   979 | D        | Reached skill level 12 in Stealth
   979 | D        | Gained mutation: You can fly continuously. [Tengu growth]
   979 | D        | Reached XP level 5. HP: 32/32 MP: 6/6
   979 | D        | Reached XP level 6. HP: 37/37 MP: 7/7
   993 | D        | Found a shimmering blue altar of Sif Muna.
   994 | D        | Found an ornate altar of the Wu Jian Council.
   995 | D        | Found a radiant altar of Vehumet.
  1010 | D        | Reached skill level 13 in Stealth
  1173 | D        | Killed a hornet
  1295 | D        | Killed a hornet
  1483 | D        | Killed a hornet
  1644 | D        | Found Iblirghum's Book Emporium.
  1644 | D        | Found an ancient bone altar of Kikubaaqudgha.
  1644 | D        | Found a hazy altar of Hepliaklqana.
  1644 | D        | Found a stormy altar of Qazlal.
  1644 | D        | Found a hide-covered altar of Uskayaw.
  1644 | D        | Found a blossoming altar of Fedhas.
  1644 | D        | Found a bloodstained altar of Trog.
  1644 | D        | Found an iron altar of Okawaru.
  1644 | D        | Found a basalt altar of Yredelemnul.
  1644 | D        | Found a glowing golden altar of the Shining One.
  1644 | D        | Found a snail-covered altar of Cheibriados.
  1644 | D        | Found a sacrificial altar of Ru.
  1644 | D        | Found a glowing silver altar of Zin.
  1644 | D        | Found a shadowy altar of Dithmenos.
  1644 | D        | Found a white marble altar of Elyvilon.
  1644 | D        | Noticed a yak
  1645 | D        | Found an opulent altar of Gozag.
  1646 | D        | Killed a yak
  1647 | D        | Reached skill level 14 in Stealth
  1647 | D        | Reached XP level 7. HP: 41/41 MP: 8/8
  1647 | D        | Found a sparkling altar of Nemelex Xobeh.
  1665 | D        | Found a burning altar of Makhleb.
  1665 | D        | Found a shimmering altar of Xom.
  1665 | D        | Noticed a slime creature
  1666 | D        | Found a viscous altar of Jiyva.
  1666 | D        | Found a corrupted altar of Lugonu.
  1668 | D        | Killed a slime creature
  1669 | D        | Reached skill level 16 in Stealth
  1679 | D        | Killed the 27-headed Lernaean hydra
  1690 | D        | Noticed a centaur warrior
  1690 | D        | Noticed a centaur warrior
  1700 | D        | Shot with an arrow by a centaur warrior

Illustrated notes

Levels and vault maps discovered:
D:        dungeon_sprint_1 [red_sonja_temple_1, red_sonja_temple_small_1]

Skill      XL: |  1  2  3  4  5  6  7 |
---------------+----------------------+-----
Stealth        | 6 9 12 14 16 | 16.0
Fighting       | |  3.0
Short Blades   | |  3.2
Armour         | |  2.1
Dodging        | |  2.1

Action                   |  1- 3 |  4- 6 |  7- 9 || total
-------------------------+-------+-------+-------++-------
Melee: Short sword       |    12 |     4 |     1 ||    17
       Kick              |     2 |     1 |       ||     3
       Peck              |     1 |     1 |       ||     2
Invok: Berserk           |     2 |     1 |       ||     3
       Trog's Hand       |       |       |     1 ||     1
 Abil: Fly               |       |     1 |       ||     1
 Stab: Sleeping          |       |     2 |     1 ||     3
Armor: Animal skin       |     1 |       |       ||     1
Dodge: Dodged            |     3 |     2 |     1 ||     6
